 Dungeon Crawl Stone Soup version 0.19.0-22-gd96e5fe (webtiles) character file.

1151 muxecoid the Carver (level 8, -2/55 HPs)
             Began as a High Elf Wanderer on Nov 19, 2016.
             Was a Follower of Okawaru.
             Slain by a centaur (5 damage)
             ... on level 5 of the Dungeon.
             The game lasted 00:22:16 (6781 turns).

muxecoid the Carver (High Elf Wanderer)             Turns: 6781, Time: 00:22:18

Health: -2/55      AC:  8    Str: 10    XL:     8   Next: 15%
Magic:  9/9        EV: 11    Int: 19    God:    Okawaru [*.....]
Gold:   276        SH:  0    Dex: 15    Spells: 0 memorised, 7 levels left

rFire  + . .     SeeInvis .     a - +2 falchion
rCold  . . .     Gourm    .     y - +1 ring mail {rF+}
rNeg   . . .     Faith    .     (no shield)
rPois  .         Spirit   .     (no helmet)
rElec  .         Reflect  .     B - +0 cloak
rCorr  .         Harm     .     n - +0 pair of gloves
MR     .....                    (no boots)
Stlth  +.........               (no amulet)
                                (no ring)
                                (no ring)

@: no status effects
A: no striking features
a: Heroism, Renounce Religion


You were on level 5 of the Dungeon.
You worshipped Okawaru.
Okawaru was aware of your devotion.
You were near starving.

You visited 2 branches of the dungeon, and saw 7 of its levels.

You collected 276 gold pieces.

Inventory:

Hand Weapons
 a - a +2 falchion (weapon)
 d - a +0 dagger
 D - a +0 shortbow
Missiles
 E - 9 arrows
Armour
 c - a +0 robe
 i - a +0 shield
 n - a +0 pair of gloves (worn)
 y - a +1 ring mail of fire resistance (worn)
 B - a +0 cloak (worn)
Jewellery
 l - an uncursed ring of positive energy {unknown}
Wands
 A - a wand of disintegration (10/24)
Scrolls
 e - 2 scrolls of remove curse
 h - 7 scrolls of identify
 j - 3 scrolls of teleportation {unknown}
 p - a scroll of random uselessness {unknown}
 q - a scroll of noise {unknown}
 r - a scroll of amnesia {unknown}
 v - 2 scrolls of recharging {unknown}
Potions
 b - 2 potions of lignification {unknown}
 k - 3 potions of agility {unknown}
 o - a potion of haste {unknown}
 s - a potion of resistance {unknown}
 t - a potion of ambrosia {unknown}
 u - a potion of flight {unknown}
 w - a potion of brilliance
 x - a potion of degeneration {unknown}
 z - 2 potions of cure mutation {unknown}
 C - a potion of heal wounds {unknown}
Comestibles
 f - 4 bread rations
 g - a beef jerky
 m - 2 meat rations


   Skills:
 - Level 5.0 Fighting
 * Level 9.4 Long Blades
 - Level 1.0 Throwing
 + Level 2.9 Armour
 + Level 3.0 Dodging
 - Level 2.1 Stealth
 + Level 1.0 Shields


You had 7 spell levels left.
You didn't know any spells.

Dungeon Overview and Level Annotations

Branches:
Dungeon (6/15)             Temple (1/1) D:6

Altars:
Cheibriados
Elyvilon
Gozag
Makhleb
Nemelex Xobeh
Okawaru
Ru
Sif Muna
Trog
Uskayaw
Vehumet
Yredelemnul


Message History

You hit the centaur.
The centaur is severely wounded.
The centaur closely misses you.
You hit the centaur but do no damage.
The centaur is severely wounded.
The iguana misses you. The centaur hits you.
* * * LOW HITPOINT WARNING * * *
The crimson imp hits you but does no damage.
Evoke which item? (* to show all) (? for menu, Esc to quit)
Zapping:
A - a wand of disintegration (11/24)
Press: ? - help, Shift-Dir - straight line, f - centaur
Aim: a centaur (severely wounded, chance to defeat MR: 65%)
The centaur struggles to resist.
This wand has 10 charges left.
You are near starving!
The centaur hits you but does no damage.
The iguana bites you!
* * * LOW HITPOINT WARNING * * *
The crimson imp hits you but does no damage.
The centaur hits you.
You die...

........#.....#
#............#####...
#............ ####.
#..........># ##.###
..........# ##...##
#...>....# ##.....#
#.......# ##.......
#.lc5..# ##........
#.@..# ##.........
##(### #.......... #.#
##.......... ###.#
#........... ##...#
#...........
##....#####...........
#<.......##...........
##.....................
#.......###............


You could see a centaur, an iguana and a crimson imp.

Vanquished Creatures
  An orc warrior (D:5)
  2 phantoms
  A centaur (D:5)
  The ghost of Sapher the Conjurer, an amateur DECj (D:4)
  A howler monkey (D:5)
  A crimson imp (D:5)
  A centaur zombie (D:5)
  A hound (D:5)
  An orc priest (D:5)
  Crazy Yiuf (D:4)
  A bullfrog skeleton (D:4)
  3 iguanas
  A centaur skeleton (D:5)
  5 orc wizards
  3 worker ants
  4 gnolls
  7 adders
  A shadow imp (D:6)
  A worm (D:3)
  2 dart slugs
  4 leopard geckos
  14 orcs
  8 bats
  7 giant cockroaches
  8 hobgoblins
  7 kobolds
  2 ball pythons
  3 frilled lizards
  7 goblins
  5 rats
104 creatures vanquished.

Notes
Turn   | Place    | Note
-------+----------+-------------------------------------------
     0 | D:1      | muxecoid the High Elf Wanderer began the quest for the Orb.
     0 | D:1      | muxecoid set off with: a +2 falchion, 2 potions of curing, a +0 robe, a +0 dagger, a bread ration
     0 | D:1      | Reached XP level 1. HP: 16/16 MP: 2/2
   117 | D:1      | Reached XP level 2. HP: 18/21 MP: 3/3
   431 | D:1      | Reached skill level 3 in Long Blades
   744 | D:1      | Reached XP level 3. HP: 4/27 MP: 4/4
  1227 | D:2      | Reached XP level 4. HP: 28/33 MP: 5/5
  1323 | D:2      | Reached skill level 4 in Long Blades
  2767 | D:2      | Reached skill level 5 in Long Blades
  3033 | D:4      | Reached XP level 5. HP: 27/37 MP: 6/6
  3475 | D:4      | Reached skill level 6 in Long Blades
  3528 | D:4      | Noticed Sapher's ghost (amateur DECj)
  3542 | D:4      | Reached XP level 6. HP: 33/43 MP: 7/7
  3558 | D:4      | You fall through a shaft for 2 floors!
  3595 | D:6      | Found a staircase to the Ecumenical Temple.
  3603 | Temple   | Entered the Ecumenical Temple
  3832 | Temple   | Became a worshipper of Warmaster Okawaru
  3895 | D:6      | Reached skill level 1 in Armour
  4181 | D:6      | Reached skill level 7 in Long Blades
  4285 | D:6      | Noticed an orc warrior
  4308 | D:5      | Entered Level 5 of the Dungeon
  4577 | D:4      | Reached XP level 7. HP: 45/49 MP: 8/8
  4655 | D:4      | Killed Sapher's ghost
  4655 | D:4      | Reached * piety under Okawaru
  5097 | D:4      | Found a runed door.
  5101 | D:4      | Noticed Crazy Yiuf
  5108 | D:4      | Killed Crazy Yiuf
  5301 | D:5      | Reached skill level 5 in Fighting
  5326 | D:5      | Reached skill level 8 in Long Blades
  6360 | D:5      | Reached skill level 9 in Long Blades
  6360 | D:5      | Reached XP level 8. HP: 42/55 MP: 9/9
  6781 | D:5      | Slain by a centaur

Skill      XL: |  1  2  3  4  5  6  7  8 |
---------------+-------------------------+-----
Long Blades    | 3 5 6 7 9 |  9.4
Fighting       | 4 5 |  5.0
Armour         | 1 2 |  2.9
Dodging        | 2 3 |  3.0
Throwing       | |  1.0
Stealth        | |  2.1
Shields        | |  1.0

Action                   |  1- 3 |  4- 6 |  7- 9 || total
-------------------------+-------+-------+-------++-------
Melee: Falchion          |    61 |   191 |   203 ||   455
       Punch             |       |       |     1 ||     1
Invok: Heroism           |       |       |     2 ||     2
Evoke: Wand              |       |       |     2 ||     2
  Use: Potion            |     1 |     2 |       ||     3
       Scroll            |       |     2 |     1 ||     3
 Stab: Sleeping          |     3 |     1 |       ||     4
       Distracted        |     1 |     1 |       ||     2
  Eat: Chunk             |     1 |     9 |     4 ||    14
       Beef jerky        |       |     1 |       ||     1
       Royal jelly       |       |       |     1 ||     1
Armor: Robe              |    17 |    21 |       ||    38
       Ring mail         |       |    43 |    64 ||   107
Dodge: Dodged            |    46 |   118 |    94 ||   258
       Rpst.: Falchion   |    16 |    44 |    32 ||    92
